AoeStats
← cmd

African Clearing

504823461Analyzed
3v3 RM · 25d ago on Sep 6, 2026· 24m 16s· 6 players
Game mode
Random Map
Map size
Normal (6 player)
Population
200
Speed
Normal
Resources
Standard
Victory
Conquest
Starting age
Dark Age
Ending age
Imperial Age
RankedLock teamsTeams togetherTeam positionsShared explorationLock speedFull tech treeHidden civsTurbo modeCheats
Victory
Defeat
🇫🇷 Lithuanians · France
941
+17
🇻🇳 Persians · Vietnam
902
+18
🇩🇪 Bengalis · Germany
902
+18
🇩🇪 Mongols · Germany
989
-19
🇩🇪 Romans · Germany
966
-18
🇩🇪 Franks · Germany
910
-16
helo
6:45 Loom
12:34 Feudal Age
13:45 Horse Collar
13:53 Double-Bit Axe
15:24 Wheelbarrow
15:46 Man-at-Arms
21:28 Scale Mail Armor
23:00 Forging
cmd
6:48 Loom
15:53 Feudal Age
22:38 Castle Age
noname
5:52 Loom
13:16 Feudal Age
15:08 Town Watch
16:23 Double-Bit Axe
18:19 Wheelbarrow
17:54 Fletching
21:03 Horse Collar
Le Rhinoceros
3:00 Loom
12:30 Feudal Age
12:59 Double-Bit Axe
12:57 Horse Collar
13:17 Man-at-Arms
14:11 Arson
18:17 Forging
21:36 Scale Mail Armor
22:14 Wheelbarrow
21:25 Town Watch
23:24 Fletching
Daniel
14:50 Feudal Age
15:26 Loom
18:44 Castle Age
25:03 Wheelbarrow
Johnny_von_Cash
15:24 Feudal Age
13:41 Loom
16:01 Man-at-Arms
17:26 Wheelbarrow
16:38 Town Watch
16:42 Double-Bit Axe
16:39 Horse Collar
19:13 Arson
20:31 Stone Mining
20:32 Gold Mining
Connection lost

Rejoining the realm…

Still unreachable

The connection could not be restored.

Session expired

The server has moved on; the page needs a fresh start.